 Dungeon Crawl Stone Soup version 0.31-a0-596-g831eee08f1 (webtiles) character file.

Game seed: 4466338938349903214

428 BubbleThief the Ruffian (level 6, -4/45 HPs)
             Began as an Octopode Shapeshifter on Aug 21, 2023.
             Slain by a hound (6 damage)
             ... on level 5 of the Dungeon.
             The game lasted 00:03:09 (2299 turns).

BubbleThief the Ruffian (Octopode Shapeshifter)     Turns: 2299, Time: 00:03:11

Health: -4/45      AC:  1    Str: 16    XL:     6   Next: 98%
Magic:  15/15      EV: 13    Int: 10    God:
Gold:   126        SH:  0    Dex: 13    Spells: 5/5 levels left

rFire   . .          .
                       - Unarmed
rCold   . . .        (no shield)
rNeg    . . .        (helmet currently unavailable)
rPois   .            j - amulet of the acrobat
rElec   .            q - ring of magical power
rCorr   .            (no ring)
SInv    .            (no ring)
Will    .....        (no ring)
Stlth   ++           (no ring)
HPRegen 0.27/turn    (no ring)
MPRegen 0.14/turn    (no ring)
                     (no ring)

%: acrobat
@: lethally poisoned (-4 -> -6), beast-form
A: beast (slay +2), almost no armour, amphibious, 8 rings, camouflage 1,
gelatinous body 1, (nimble swimmer 1), tentacles
a: Begin Untransformation


You were on level 5 of the Dungeon.
You were a hulking beast.
You visited 1 branch of the dungeon, and saw 5 of its levels.

You collected 126 gold pieces.

Inventory:

Jewellery
 j - an amulet of the acrobat (around mantle)
 q - a ring of magical power (left tentacle)
Talismans
 b - a beast talisman (active)
 c - a flux talisman
Wands
 n - a wand of charming (5)
Scrolls
 f - a scroll of identify {unknown}
 g - a scroll of enchant armour {unknown}
 h - a scroll of enchant weapon {unknown}
 i - a scroll of blinking {unknown}
 l - a scroll of vulnerability {unknown}
 o - a scroll of revelation {unknown}
 r - a scroll of summoning {unknown}
Potions
 a - a potion of lignification
 d - a potion of enlightenment {unknown}
 e - 2 potions of curing {unknown}
 k - 2 potions of magic {unknown}
 m - a potion of heal wounds {unknown}
 p - a potion of degeneration {unknown}
 s - a potion of attraction {unknown}
 t - a potion of invisibility {unknown}


   Skills:
 + Level 4.9 Fighting
 - Level 2.0 Dodging
 + Level 5.7 Unarmed Combat
 - Level 3.0 Shapeshifting


You had 5 spell levels left.
You didn't know any spells.
Your spell library was empty.

Dungeon Overview and Level Annotations

Branches:
Dungeon (5/15)
 Temple: D:4-7

Altars:
Uskayaw

Annotations:
D:2 Sigmund


Innate Abilities, Weirdness & Mutations

You are a hulking beast.
Your limbs bulge with bestial killing power. (Slay +2)
You cannot wear most types of armour.
You are amphibious.
You can wear up to eight rings at the same time.
Your skin changes colour to match your surroundings (Stealth+).
Your rubbery body absorbs attacks. (AC +1, EV +1)
((You are camouflaged when in or above water. (Stealth+)))
You have tentacles for arms and can constrict up to eight enemies at once.


Message History

The hound is almost dead.
You constrict the hound, but do no damage.
You feel sick. The adder closely misses you. The hound closely misses you.
You tentacle-slap the hound.
The hound is almost dead.
You constrict the hound.
You kill the hound!
The adder bites you.
You are more poisoned.
The adder poisons you! The adder bites you.
You tentacle-slap the adder but do no damage.
You grab the adder. Your squeeze misses the adder. You constrict the adder.
You feel sick. The adder closely misses you.
Unknown command.
You bludgeon the adder!
You kill the adder!
You feel sick.
Unknown command.
You bludgeon the hound! Your grab misses the hound.
Your squeeze misses the hound.
The hound is heavily wounded.
You feel sick. The hound bites you.
* * * LOW HITPOINT WARNING * * *
The hound misses you.
You closely miss the hound. Your grab misses the hound.
The hound is heavily wounded.
You feel sick. The hound bites you.
* * * LOW HITPOINT WARNING * * *
You tentacle-slap the hound. Your grab misses the hound.
Your squeeze misses the hound.
The hound is severely wounded.
You feel sick. The hound bites you.
* * * LOW HITPOINT WARNING * * *
You tentacle-slap the hound but do no damage.
You grab the hound.
The hound is severely wounded.
You constrict the hound, but do no damage.
* * * LOW HITPOINT WARNING * * *
You feel sick. The hound misses you. The hound bites you.
You die...

### #.######
####......#
##.........#
#....).....###..
#....<..hh......
##......†..####.
#.........#
#...........#
###.........#
##.#......#
#.##.....# #.
##!...#


You could see a hound.

Vanquished Creatures
  A scorpion (D:4)
  3 hounds
  An orc priest (D:3)
  2 iguanas (D:4)
  2 orc wizards
  3 gnolls
  4 adders
  2 dart slugs
  13 orcs
  3 ball pythons
  2 bats (D:1)
  8 endoplasms
  2 giant cockroaches (D:1)
  5 goblins
  7 hobgoblins
  3 jackals (D:3)
  3 quokkas
  2 frilled lizards (D:1)
  2 kobolds
  2 rats (D:1)
70 creatures vanquished.

Notes
Turn   | Place    | Note
-------+----------+-------------------------------------------
     0 | D:1      | BubbleThief the Octopode Shapeshifter began the quest for
                  | the Orb.
     0 | D:1      | Reached XP level 1. HP: 13/13 MP: 1/1
   178 | D:1      | Found a faded altar of an unknown god.
   231 | D:1      | Reached XP level 2. HP: 18/18 MP: 2/2
   476 | D:1      | Reached XP level 3. HP: 20/24 MP: 3/3
   854 | D:2      | Reached skill level 4 in Unarmed Combat
   854 | D:2      | Reached XP level 4. HP: 23/30 MP: 4/4
   923 | D:2      | Noticed Sigmund
  1211 | D:3      | Found a hide-covered altar of Uskayaw.
  1230 | D:3      | Reached XP level 5. HP: 27/36 MP: 5/5
  1796 | D:4      | Reached skill level 5 in Unarmed Combat
  1895 | D:4      | Reached XP level 6. HP: 26/43 MP: 6/6
  2283 | D:5      | Entered Level 5 of the Dungeon
  2299 | D:5      | HP: 2/45 [poisoned by an adder]
  2299 | D:5      | Slain by a hound

Illustrated notes

Levels and vault maps discovered:
D:1:      dpeg_arrival_rooms_c, layout_loops_ring,
          hellmonk_ecumenical_altar_inner_sanctum
D:2:      layout_basic, kennysheep_path_1, amcnicky_mini_corridor_feature,
          uniq_sigmund
D:3:      layout_basic, nicolae_uskayaw_murder_on_the_dancefloor
D:4:      minmay_angry_zag, layout_basic, cheibrodos_worm_habitat, minivault_11,
          solitary_fountain, kennysheep_generic_room_16
D:5:      cheibrodos_barr_body, layout_cave_pods, lemuel_doored_altar,
          portal_sewer_entry_e

Skill      XL: |  1  2  3  4  5 |
---------------+----------------+-----
Fighting       | 2 3 4 |  4.9
Unarmed Combat | 4 5 |  5.7
Dodging        | |  2.0
Shapeshifting  | |  3.0

Action                     |  1- 3 |  4- 6 || total
---------------------------+-------+-------++-------
  Melee: Unarmed           |    44 |    99 ||   143
         Constrict         |    11 |    24 ||    35
         Tentacles         |     8 |    19 ||    27
         Punch             |       |     4 ||     4
   Stab: Sleeping          |     5 |     3 ||     8
 Armour: Skin              |       |     4 ||     4
  Dodge: Dodged            |    31 |    40 ||    71

Table legend: (Time is in decaauts)
 A = Elapsed time spent in this place.
 B = Non-inter-level travel time spent in this place.
 C = Inter-level travel time spent in this place.
 D = Time resting spent in this place.
 E = Time spent auto-exploring this place.
 F = Levels seen in this place.
 G = Mean time per level.
                   A        B        C        D        E       F      G
               +--------+--------+--------+--------+--------+-----+--------+
         Total |   2286 |   2224 |     62 |    181 |   1557 |   5 |  457.2 |
       Dungeon |   2286 |   2224 |     62 |    181 |   1557 |   5 |  457.2 |
               +--------+--------+--------+--------+--------+-----+--------+

Top non-repeatable levels by time:
     D:3: 724 daAuts
     D:1: 671 daAuts
     D:4: 590 daAuts
     D:2: 285 daAuts
     D:5: 14 daAuts
